 Dungeon Crawl Stone Soup version 0.21-a0-538-gd16b88a (webtiles) character file.

8617 mortelune the Arsonist (level 11, -4/74 HPs)
             Began as a Red Draconian Fire Elementalist on Dec 16, 2017.
             Was a Believer of Makhleb.
             Slain by a slime creature (14 damage)
             ... on level 10 of the Dungeon.
             The game lasted 00:53:08 (15955 turns).

mortelune the Arsonist (DrFE)                      Turns: 15955, Time: 00:53:09

Health: -4/74      AC: 13    Str: 10    XL:     11   Next: 12%
Magic:  18/23      EV: 15    Int: 18    God:    Makhleb [**....]
Gold:   659        SH:  0    Dex: 13    Spells: 11/26 levels left

rFire    + . .     SeeInvis .   D - +0 trident
rCold    . . .     Gourm    +   (no shield)
rNeg     . . .     Faith    .   (armour unavailable)
rPois    .         Spirit   .   (helmet restricted)
rElec    .         Reflect  .   H - +0 cloak
rCorr    .         Harm     .   (no gloves)
MR       .....                  E - +0 pair of boots
Stlth    ++........             I - amulet of the gourmand
HPRegen  0.22/turn              v - +4 ring of protection
MPRegen  0.18/turn              (no ring)

@: about to teleport
A: breathe fire, unfitting armour, fire resistance 1, cold-blooded, AC +7
a: Breathe Fire, Minor Destruction, Renounce Religion


You were on level 10 of the Dungeon.
You worshipped Makhleb.
Makhleb was pleased with you.
You were not hungry.

You visited 1 branch of the dungeon, and saw 10 of its levels.
You also visited: Ossuary and Bailey.

You collected 762 gold pieces.
You spent 103 gold pieces at shops.

Inventory:

Hand Weapons
 D - a +0 trident (weapon)
 F - a +2 whip of flaming
Missiles
 c - a throwing net (quivered)
Armour
 y - a +0 cloak
 E - a +0 pair of boots (worn)
 H - a +0 cloak (worn)
Jewellery
 v - a +4 ring of protection (left hand)
 I - an amulet of the gourmand (around neck)
 M - a cursed amulet of inaccuracy {unknown}
Wands
 e - a wand of paralysis (10)
 m - a wand of iceblast (9)
 t - a wand of acid (8)
 B - a wand of scattershot (6)
Scrolls
 d - a scroll of noise {unknown}
 f - 4 scrolls of remove curse
 g - 2 scrolls of fear
 h - a scroll of enchant weapon {unknown}
 j - a scroll of magic mapping {unknown}
 k - 3 scrolls of immolation
 o - 4 scrolls of teleportation
 q - a scroll of amnesia {unknown}
 r - a scroll of enchant armour {unknown}
 w - 2 scrolls of blinking
 x - 2 scrolls of fog
 N - a scroll of random uselessness {unknown}
Potions
 i - 3 potions of might
 p - 3 potions of mutation
 s - 2 potions of curing
 u - a potion of ambrosia {unknown}
 z - a potion of flight
 C - a potion of degeneration
Books
 a - a book of Flames

   Spells                             Type                      Level
   a - Flame Tongue                   Conjuration/Fire             1
   b - Throw Flame                    Conjuration/Fire             2
   c - Conjure Flame                  Conjuration/Fire             3
   d - Inner Flame                    Hexes/Fire                   3
   e - Sticky Flame                   Conjuration/Fire             4
   f - Fireball                       Conjuration/Fire             5
 l - a book of Cantrips

   Spells                             Type                      Level
   a - Confusing Touch                Hexes                        1
   b - Animate Skeleton               Necromancy                   1
   c - Summon Small Mammal            Summoning                    1
   d - Apportation                    Translocation                1
 G - a book of Maledictions

   Spells                             Type                      Level
   a - Corona                         Hexes                        1
   b - Ensorcelled Hibernation        Hexes/Ice                    2
   c - Confuse                        Hexes                        3
   d - Tukima's Dance                 Hexes                        3
   e - Dazzling Spray                 Conjuration/Hexes            3
 K - a book of Air

   Spells                             Type                      Level
   a - Shock                          Conjuration/Air              1
   b - Swiftness                      Charms/Air                   2
   c - Static Discharge               Conjuration/Air              3
   d - Airstrike                      Air                          4
   e - Lightning Bolt                 Conjuration/Air              5
 L - a book of Misfortune

   Spells                             Type                      Level
   a - Confusing Touch                Hexes                        1
   b - Confuse                        Hexes                        3
   c - Gell's Gravitas                Translocation                3
   d - Petrify                        Transmutation/Earth          4
   e - Metabolic Englaciation         Hexes/Ice                    5
   f - Yara's Violent Unravelling     Hexes/Transmutation          5
Comestibles
 b - 5 bread rations
 n - 5 royal jellies
 A - 6 fruits
 J - a meat ration


   Skills:
 + Level 5.4 Dodging
 - Level 1.7 Stealth
 + Level 8.0 Spellcasting
 + Level 10.4 Conjurations
 + Level 10.6 Fire Magic
 + Level 4.4 Invocations


You had 11 spell levels left.
You knew the following spells:

 Your Spells              Type           Power        Failure   Level  Hunger
a - Flame Tongue          Conj/Fire      #####        1%          1    None
b - Throw Flame           Conj/Fire      #####.       1%          2    None
c - Conjure Flame         Conj/Fire      #####...     1%          3    #......
d - Sticky Flame          Conj/Fire      #####...     1%          4    ###....
e - Fireball              Conj/Fire      #####.....   3%          5    #####..


Dungeon Overview and Level Annotations

Branches:
Dungeon (10/15)            Temple (0/1) D:7            Lair (0/6) D:10
    Orc: D:9-12

Altars:
Ashenzari
Dithmenos
Elyvilon
Fedhas
Hepliaklqana
Makhleb
Jiyva

Shops:
D:5 (=[   D:8 [

Annotations:
D:10 1 transporter


Innate Abilities, Weirdness & Mutations

You can breathe blasts of fire.
Your fiery red scales are hard. (AC +7)
You cannot fit into any form of body armour.
Your flesh is heat resistant. (rF+)
You are cold-blooded and may be slowed by cold attacks.


Message History

Aim: a slime creature (moderately wounded)
The flame tongue hits the slime creature.
The slime creature is heavily wounded.
The slime creature hits you!
The slime creature hits you but does no damage.
As you read the scroll of teleportation, it crumbles to dust.
You feel strangely unstable.
The slime creature completely misses you.
The slime creature hits you. The slime creature hits you!
You feel better. The slime creature closely misses you.
The slime creature barely misses you. The slime creature hits you!
* * * LOW HITPOINT WARNING * * *
A slime creature comes into view.
The slime creature quivers.
The slime creature completely misses you.
The slime creature jiggles.
The slime creature hits you!
* * * LOW HITPOINT WARNING * * *
The slime creature hits you!
You die...

#.<....<..... #.###.#######
#.# #.# #.. #.# #.# #.# ###
#>###.# ##.# ## ###.##
#.....####...
##..#.#..######........#
####©........#####.######.#
##.####.:!J@####.##.# #..
#.©###..$_JJ©###©.#.########
#..####.:$).####............
#..##........ ####.#######.
#######.###.J#.#?.# #....#
#.
........####.###.####....#
#. .######..### ### #.#####
#. .# #...# #####.# #. .#
###.# ###...#.# ##


You could see 4 slime creatures.

Vanquished Creatures
  Erolcha (D:9)
  Harold (D:10)
  A hydra (D:9)
  Pikel (D:8)
  A kobold demonologist (D:8)
  A troll (D:9)
  A hornet (D:7)
  2 hippogriffs
  The ghost of anet the Magician, an amateur DEWz of Ashenzari (D:5)
  A wyvern (D:10)
  Menkaure (D:4)
  A slave (D:8)
  3 orc warriors
  A black bear (D:10)
  A necrophage (D:8)
  3 ice beasts (D:8)
  2 phantoms
  2 sky beasts
  5 ogres
  4 centaurs
  4 bullfrogs
  7 big kobolds
  3 scorpions
  2 howler monkeys
  2 vampire bats (D:6)
  A crimson imp (D:10)
  9 hounds
  3 jellies
  A bullfrog zombie (D:7)
  A centaur zombie (Ossuary)
  3 centaur skeletons
  4 orc wizards
  A gnoll shaman (D:9)
  2 orc priests
  4 bullfrog skeletons
  2 iguanas
  12 worker ants
  A killer bee zombie (D:6)
  2 big kobold zombies (Ossuary)
  A hound zombie (D:5)
  2 hound skeletons
  2 mummies (Ossuary)
  Robin (D:4)
  7 gnolls
  4 adders
  A howler monkey skeleton (D:7)
  7 shadow imps
  An ooze (D:4)
  5 worms
  5 dart slugs
  4 leopard geckos
  29 orcs
  12 bats
  11 giant cockroaches
  3 gnoll zombies (Ossuary)
  18 goblins
  2 hobgoblins
  4 jackals
  4 quokkas
  A ball python (D:5)
  6 frilled lizards
  4 goblin zombies (Ossuary)
  3 hobgoblin zombies (Ossuary)
  19 kobolds
  A leopard gecko zombie (D:6)
  An orc zombie (Ossuary)
  2 quokka skeletons
  5 rats
263 creatures vanquished.

Vanquished Creatures (others)
  2 slaves
  2 big kobolds (D:8)
  A leopard gecko (D:9)
  2 kobolds (D:8)
7 creatures vanquished.

Grand Total: 270 creatures vanquished

Notes
Turn   | Place    | Note
-------+----------+-------------------------------------------
     0 | D:1      | mortelune the Draconian Fire Elementalist began the quest for the Orb.
     0 | D:1      | Reached XP level 1. HP: 14/14 MP: 3/3
   298 | D:1      | Reached XP level 2. HP: 15/20 MP: 3/5
   305 | D:1      | Learned a level 2 spell: Throw Flame
  1036 | D:1      | Reached XP level 3. HP: 26/26 MP: 6/6
  1185 | D:2      | Found a shadowy altar of Dithmenos.
  1200 | D:2      | Found a white marble altar of Elyvilon.
  2021 | D:2      | Reached XP level 4. HP: 33/33 MP: 1/7
  2121 | D:2      | Learned a level 3 spell: Conjure Flame
  2800 | D:3      | Reached XP level 5. HP: 20/38 MP: 1/9
  3802 | D:4      | Noticed an ogre
  3875 | D:4      | Killed an ogre
  4010 | D:4      | Reached XP level 6. HP: 45/45 MP: 5/10
  4022 | D:4      | Learned a level 4 spell: Sticky Flame
  4022 | D:4      | Found a sand-covered staircase.
  4033 | Ossuary  | Entered an ossuary
  4818 | D:4      | Reached skill level 5 in Conjurations
  5138 | D:4      | Your scales start taking on a fiery red colour.
  5138 | D:4      | Reached skill level 5 in Fire Magic
  5138 | D:4      | Reached XP level 7. HP: 42/50 MP: 0/12
  5138 | D:4      | Gained mutation: Your flesh is heat resistant. (rF+) [Red Draconian growth]
  6063 | D:4      | Noticed Robin
  6067 | D:4      | Killed Robin
  6319 | D:4      | Noticed Menkaure
  6329 | D:4      | Killed Menkaure
  6669 | D:4      | Reached XP level 8. HP: 57/57 MP: 9/14
  6735 | D:5      | Entered Level 5 of the Dungeon
  6744 | D:5      | Noticed anet's ghost (amateur DEWz)
  6925 | D:5      | Found Owujih's Jewellery Shoppe.
  7124 | D:5      | Killed anet's ghost
  7253 | D:5      | Found a shadowy altar of Dithmenos.
  7534 | D:5      | Found Sexzoa's Armour Emporium.
  8093 | D:5      | Reached skill level 5 in Spellcasting
  8282 | D:5      | Found Wofac's Antique Weapon Shoppe.
  9133 | D:6      | Learned a level 5 spell: Fireball
  9327 | D:6      | Reached XP level 9. HP: 58/62 MP: 8/17
  9433 | D:6      | Found a hazy altar of Hepliaklqana.
  9967 | D:6      | Found a burning altar of Makhleb.
 10356 | D:6      | Became a worshipper of Makhleb the Destroyer
 11132 | D:7      | Found a staircase to the Ecumenical Temple.
 11839 | D:8      | Found a shattered altar of Ashenzari.
 12049 | D:8      | Noticed Pikel
 12052 | D:8      | Killed Pikel
 12647 | D:8      | Found Roqenugge's Antique Armour Shop.
 12662 | D:8      | Reached * piety under Makhleb
 12753 | D:8      | Bought a pair of boots for 103 gold pieces
 12841 | D:8      | Reached XP level 10. HP: 69/69 MP: 12/20
 13242 | D:9      | Noticed an eight-headed hydra
 13416 | D:9      | Noticed Erolcha
 13424 | D:9      | Killed Erolcha
 13424 | D:9      | Reached skill level 1 in Invocations
 13511 | D:9      | Found a blossoming altar of Fedhas.
 14087 | D:8      | Reached skill level 10 in Conjurations
 14182 | D:9      | Killed an eight-headed hydra
 14182 | D:9      | Reached skill level 10 in Fire Magic
 14846 | D:10     | Entered Level 10 of the Dungeon
 14862 | D:10     | Reached skill level 5 in Dodging
 14866 | D:10     | Found a transporter.
 14869 | D:10     | Found a viscous altar of Jiyva.
 14896 | D:10     | Found a staircase to the Lair.
 14950 | D:10     | Found a flagged portal.
 14959 | D:10     | Reached ** piety under Makhleb
 14995 | Bailey   | Entered a bailey
 15091 | Bailey   | Noticed Nattefrost's ghost (novice BaBe)
 15466 | D:10     | Reached XP level 11. HP: 74/74 MP: 16/22
 15707 | D:10     | Noticed Harold
 15792 | D:10     | Killed Harold
 15944 | D:10     | Found a transporter.
 15955 | D:10     | Slain by a slime creature

Vault maps used:
D:1:      minmay_arrival_glassed_features, lemuel_another_geyser
D:2:      kennysheep_big_flooded_room, nicolae_overflow_hidden_temple
D:4:      nicolae_ossuary_entry_ruins, kennysheep_generic_room_14,
          uniq_menkaure, uniq_robin
D:5:      serial_shops, shop_fountains, nicolae_shop_statue_plus,
          kennysheep_mini_moat, first_bread, kennysheep_doodads,
          nicolae_dithmenos_the_darkroom
D:6:      kennysheep_spiral_hall, kennysheep_little_box,
          overflow_temple_1_default, roderic_batcave
D:7:      minmay_temple_entry_purple_smoke
D:8:      evilmike_ruin_ashenzari, special_room, serial_shops,
          nicolae_shop_crystal, uniq_pikel
D:9:      nicolae_overflow_crystal_walls, uniq_erolcha
D:10:     gammafunk_jiyva_shrine, lair_entry_dummy, serial_shops,
          nicolae_shop_behind_doors, enter_bailey_3, uniq_harold, uniq_maurice
Ossuary:  minmay_ossuary_gauntlet
Bailey:   bailey_axe_3, bailey

Skill      XL: |  1  2  3  4  5  6  7  8  9 10 11 |
---------------+----------------------------------+-----
Conjurations   | 2 3 4 5 6 8 9 10 | 10.4
Spellcasting   | 3 4 5 6 7 8 |  8.0
Fire Magic     | 4 5 6 7 9 10 | 10.6
Dodging        | 3 5 |  5.4
Invocations    | 4 |  4.4
Stealth        | |  1.7

Action                   |  1- 3 |  4- 6 |  7- 9 | 10-12 || total
-------------------------+-------+-------+-------+-------++-------
Melee: Unarmed           |     8 |       |       |       ||     8
       Spear             |    10 |    69 |   103 |       ||   182
       Tailslap          |     1 |     6 |    12 |       ||    19
       Mace              |       |       |    32 |       ||    32
       Whip              |       |       |    45 |     2 ||    47
       Trident           |       |       |    10 |    19 ||    29
 Cast: Flame Tongue      |    52 |   108 |   210 |   139 ||   509
       Throw Flame       |     9 |    18 |    55 |    42 ||   124
       Sticky Flame      |       |     2 |    23 |    15 ||    40
       Conjure Flame     |       |       |     9 |     1 ||    10
       Fireball          |       |       |     3 |     8 ||    11
 Abil: Breathe Fire      |       |       |     1 |     1 ||     2
  Use: Scroll            |     1 |       |     9 |     9 ||    19
       Potion            |       |     1 |     2 |     2 ||     5
 Stab: Sleeping          |       |       |     1 |       ||     1
  Eat: Chunk             |     4 |     9 |    20 |    15 ||    48
       Royal jelly       |       |     1 |       |       ||     1
       Meat ration       |       |       |     2 |       ||     2
       Fruit             |       |       |     1 |     1 ||     2
Armor: Skin              |     7 |    40 |   124 |    54 ||   225
Dodge: Dodged            |    19 |   103 |   153 |    88 ||   363

Table legend:
 A = Spawn XP
 B = Non-spawn XP
 C = Spawn XP percentage of total XP
 D = Spawn monster count
 E = Non-spawn monster count
 F = Spawn count percentage of total count
 G = Total turns spent on level
                    A         B        C        D         E        F      G
               +---------+---------+-------+---------+---------+-------+---------
         Total |       0 |   12311 |   0.0 |       0 |     262 |   0.0 | 15955
               +---------+---------+-------+---------+---------+-------+---------
           D:1 |       0 |      44 |   0.0 |       0 |      22 |   0.0 |  1160
           D:2 |       0 |     101 |   0.0 |       0 |      23 |   0.0 |  1416
           D:3 |       0 |      89 |   0.0 |       0 |      18 |   0.0 |  1274
           D:4 |       0 |    1048 |   0.0 |       0 |      37 |   0.0 |  2280
           D:5 |       0 |     513 |   0.0 |       0 |      14 |   0.0 |  1600
           D:6 |       0 |    1270 |   0.0 |       0 |      40 |   0.0 |  2358
           D:7 |       0 |     628 |   0.0 |       0 |      10 |   0.0 |   952
           D:8 |       0 |    2406 |   0.0 |       0 |      27 |   0.0 |  1805
           D:9 |       0 |    3241 |   0.0 |       0 |      23 |   0.0 |  1227
          D:10 |       0 |    2825 |   0.0 |       0 |      31 |   0.0 |   998
       Ossuary |       0 |     144 |   0.0 |       0 |      16 |   0.0 |   774
        Bailey |       0 |       2 |   0.0 |       0 |       1 |   0.0 |   111
               +---------+---------+-------+---------+---------+-------+---------
